 Dungeon Crawl Stone Soup version 0.29.1-2-gbd0b4ee654 (webtiles) character file.

Game seed: 456907767123042933

477 Icepheonix32 the Reanimator (level 6, -1/32 HPs)
             Began as a Deep Elf Necromancer on Oct 31, 2022.
             Slain by a gnoll
             ... wielding a +0 spear
             ... led by a gnoll bouda
              (4 damage)
             ... on level 4 of the Dungeon.
             The game lasted 00:08:01 (4149 turns).

Icepheonix32 the Reanimator (Deep Elf Necromancer)  Turns: 4149, Time: 00:08:02

Health: -1/32      AC:  3    Str: 12    XL:     6   Next: 85%
Magic:  3/12       EV: 11    Int: 20    God:
Gold:   110        SH:  0    Dex: 25    Spells: 3/11 levels left

rFire   . . .      SeeInvis .   b - +2 short sword (protect)
rCold   . . .      Faith    .   (no shield)
rNeg    . . .      Spirit   .   a - +0 robe
rPois   .          Reflect  .   l - +0 helmet
rElec   .          Harm     .   (no cloak)
rCorr   .          Rampage  .   (no gloves)
Will    .....                   (no boots)
Stlth   +++.......              u - amulet "Fonutzomodgh" {Acrobat Str+5 Dex+4}
HPRegen 0.10/turn               f - +6 ring of dexterity
MPRegen 0.13/turn               i - +4 ring of evasion

@: about to teleport, animating dead, held
A: no striking features
a: no special abilities


You were on level 4 of the Dungeon.
You visited 1 branch of the dungeon, and saw 4 of its levels.

You collected 190 gold pieces.
You spent 80 gold pieces at shops.

Inventory:

Hand Weapons
 b - a +2 short sword of protection (weapon)
 t - a +1 dagger of venom
Missiles
 k - 5 curare-tipped darts
Armour
 a - a +0 robe (worn)
 l - a +0 helmet (worn)
Jewellery
 f - a +6 ring of dexterity (left hand)
 i - a +4 ring of evasion (right hand)
 q - a ring of resist corrosion
 u - the amulet "Fonutzomodgh" (around neck) {Acrobat Str+5 Dex+4}
   (You found it on level 4 of the Dungeon)

   [amulet of the acrobat]

   It increases your evasion while moving and waiting.
   Str:       It affects your strength (+5).
   Dex:       It affects your dexterity (+4).
Scrolls
 d - a scroll of vulnerability {unknown}
 j - a scroll of immolation
 n - a scroll of brand weapon
 o - a scroll of noise
 r - a scroll of acquirement {unknown}
 s - a scroll of identify
Potions
 c - 2 potions of attraction {unknown}
 e - 3 potions of invisibility {unknown}
 g - 2 potions of brilliance


   Skills:
 + Level 3.2 Dodging
 - Level 2.4 Stealth
 - Level 3.0 Spellcasting
 + Level 9.7 Necromancy


You had 3 spell levels left.
You knew the following spells:

 Your Spells              Type           Power      Damage    Failure   Level
a - Necrotise             Necr           100%       1d9       1%          1
b - Vampiric Draining     Necr           42%        2d9       1%          3
c - Animate Dead          Necr           42%        N/A       2%          4

Your spell library contained the following spells:

 Spells                   Type           Power      Damage    Failure   Level
 Magic Dart               Conj           12%        1d3       14%         1
 Searing Ray              Conj           6%         2d4       22%         2
 Agony                    Necr           42%        N/A       7%          5
 Fulminant Prism          Conj/Hex       1%         3d6       80%         4
 Summon Ice Beast         Ice/Summ       3%         N/A       80%         4
 Simulacrum               Ice/Necr       11%        N/A       96%         6
 Freezing Cloud           Conj/Ice/Air   1%         6-21      98%         5
 Summon Mana Viper        Hex/Summ       3%         N/A       98%         5
 Monstrous Menagerie      Summ           1%         N/A       100%        7
 Polar Vortex             Ice            1%         N/A       100%        9


Dungeon Overview and Level Annotations

Branches:
Dungeon (4/15)
 Temple: D:4-7

Altars:
Ashenzari
Cheibriados
Fedhas
Sif Muna
Uskayaw
Wu Jian
Xom
The Shining One

Shops:
D:3 *

Annotations:
D:1 1 transporter
D:4 1 transporter


Message History

Aim: a gnoll, wielding a +0 halberd and quivering a throwing net (lightly wounded, chance to affect: 88%)
The gnoll writhes in agony.
The gnoll throws a throwing net.
The throwing net hits you.
You become entangled in the net!
Your gnoll zombie hits the gnoll.
The gnoll hits you from afar with a +0 spear.
Casting: Necrotise (safe; 1% risk of failure)
Confirm with . or Enter, or press ? or * to list all spells.
Aiming: Necrotise (safe; 1% risk of failure)
Press: ? - help, Shift-Dir - straight line, f - gnoll bouda, p - gnoll
Aim: a gnoll bouda, wielding a +0 club and wearing a +0 leather armour (chance to affect: 83%)
The gnoll bouda writhes in agony!
The gnoll hits you from afar with a +0 halberd.
* * * LOW HITPOINT WARNING * * *
The gnoll bouda barks out a call to the hunt!
The gnolls pick up the pace!
Your gnoll zombie completely misses the gnoll.
The gnoll hits you from afar with a +0 spear.
* * * LOW HITPOINT WARNING * * *
Unknown command.
As you read the scroll of teleportation, it crumbles to dust.
You feel strangely unstable. The gnoll closely misses you.
The gnoll bouda calls upon its god to heal the gnoll.
The gnoll's wounds heal themselves!
The gnoll completely misses you.
Your gnoll zombie hits the gnoll.
You feel better. The gnoll barely misses you.
The gnoll bouda calls upon its god to heal the gnoll.
The gnoll's wounds heal themselves!
The gnoll hits you from afar with a +0 spear.
Your gnoll zombie hits the gnoll.
Unknown command.
Casting: Necrotise (safe; 1% risk of failure)
Confirm with . or Enter, or press ? or * to list all spells.
Aiming: Necrotise (safe; 1% risk of failure)
Press: ? - help, Shift-Dir - straight line, f/p - gnoll bouda
Aim: a gnoll bouda, wielding a +0 club and wearing a +0 leather armour (moderately wounded, chance to affect: 83%)
The gnoll bouda writhes in agony.
The gnoll hits you from afar with a +0 halberd!
* * * LOW HITPOINT WARNING * * *
The gnoll hits you from afar with a +0 spear.
You die...

##############
#............###
#...............
############.............#.
........gg.................
........gg(ggZ...........#.
###########)############.#.
#@g....... #.#. #.........
#.#. #......... #.#.
...####### #.#. #####
########## #.#.
##...###........### #.#.
##.....##...#.)....# #.#.
#.......#...##.....## #.#.
#.......'...##......####'#.


You could see a gnoll bouda, 2 gnolls and a friendly gnoll zombie.

Vanquished Creatures
  An ogre (D:4)
  A centaur zombie (D:3)
  2 orc priests (D:4)
  An iguana (D:4)
  A scorpion zombie (D:3)
  2 orc wizards (D:4)
  A hound skeleton (D:3)
  A gnoll (D:4)
  A howler monkey skeleton (D:3)
  6 adders
  2 adder skeletons (D:3)
  A worm (D:2)
  4 dart slugs
  2 orcs (D:4)
  8 ball pythons
  3 bats
  7 endoplasms
  2 giant cockroaches
  7 goblins
  11 hobgoblins
  6 jackals
  12 kobolds
  A quokka skeleton (D:3)
  6 rats
89 creatures vanquished.

Vanquished Creatures (collateral kills)
  2 orcs (D:4)
  A bat (D:2)
  3 endoplasms
  2 jackals
  A jackal zombie (D:4)
  A rat (D:1)
10 creatures vanquished.

Vanquished Creatures (others)
  An endoplasm zombie (D:3)
  A hobgoblin zombie (D:4)
  A jackal zombie (D:4)
  A kobold zombie (D:4)
  An orc zombie (D:4)
  A withered plant (D:3)
6 creatures vanquished.

Grand Total: 105 creatures vanquished

Notes
Turn   | Place    | Note
-------+----------+-------------------------------------------
     0 | D:1      | Icepheonix32 the Deep Elf Necromancer began the quest for
                  | the Orb.
     0 | D:1      | Reached XP level 1. HP: 10/10 MP: 6/6
     5 | D:1      | Reached skill level 5 in Necromancy
    66 | D:1      | Reached XP level 2. HP: 15/15 MP: 1/8
   230 | D:1      | Reached skill level 6 in Necromancy
   312 | D:1      | Reached XP level 3. HP: 19/19 MP: 7/9
  1075 | D:2      | Reached XP level 4. HP: 24/24 MP: 5/10
  1430 | D:2      | Reached skill level 7 in Necromancy
  1703 | D:2      | Learned a level 3 spell: Vampiric Draining
  1708 | D:2      | Learned a level 4 spell: Animate Dead
  1837 | D:3      | Found a faded altar of an unknown god.
  2150 | D:3      | Reached XP level 5. HP: 20/28 MP: 2/11
  2323 | D:3      | Found a shimmering altar of Xom.
  2376 | D:3      | Found Metetasm's General Store.
  2382 | D:3      | Bought a potion of curing for 30 gold pieces
  2382 | D:3      | Bought a potion of heal wounds for 50 gold pieces
  2529 | D:3      | Found a broken altar of Ashenzari.
  2529 | D:3      | Found a hide-covered altar of Uskayaw.
  2650 | D:3      | Reached skill level 8 in Necromancy
  2735 | D:3      | Found a blossoming altar of Fedhas.
  2746 | D:3      | Found an ornate altar of the Wu Jian Council.
  2747 | D:3      | Found a snail-covered altar of Cheibriados.
  2804 | D:4      | Found a glowing golden altar of the Shining One.
  3289 | D:4      | Found a transporter.
  3364 | D:4      | Found a shimmering blue altar of Sif Muna.
  3425 | D:4      | Reached XP level 6. HP: 17/32 MP: 4/12
  3668 | D:4      | Reached skill level 9 in Necromancy
  4106 | D:4      | Identified the amulet "Fonutzomodgh" {Acrobat Str+5 Dex+4}
  4149 | D:4      | Slain by a gnoll

Illustrated notes

Levels and vault maps discovered:
D:1:      spicycebolla_arrival_risky_transporter, layout_rooms,
          dreamdust_princess_corridor, minmay_vboxes
D:2:      layout_basic, kennysheep_generic_room_3
D:3:      layout_loops_corners, gammafunk_temple_overflow_pools,
          mainiacjoe_overflow_catwalk, minitemple, serial_shops, shop,
          ebering_ecumenical_altar_petrified, serial_undead, serial_undead_b,
          serial_undead_d, serial_undead_a, serial_undead_b, serial_undead_a,
          serial_undead_b
D:4:      minmay_opposing_rooms, layout_basic, led_sif_book,
          mainiacjoe_overflow_tiny_flanked, minmay_temple_entry_trees,
          gammafunk_ghost_mausoleum, minmay_fractal_squares_gapless_5

Skill      XL: |  1  2  3  4  5  6 |
---------------+-------------------+-----
Necromancy     | 5 6 7 8 9 |  9.7
Dodging        | 3 |  3.2
Stealth        | |  2.4
Spellcasting   | |  3.0

Action                   |  1- 3 |  4- 6 || total
-------------------------+-------+-------++-------
Melee: Dagger            |     1 |       ||     1
       Short sword       |    10 |   122 ||   132
       Punch             |       |     4 ||     4
 Cast: Necrotise         |    63 |    73 ||   136
       Animate Dead      |       |     5 ||     5
  Use: Potion            |     1 |     5 ||     6
       Scroll            |     4 |     8 ||    12
 Stab: Distracted        |     1 |       ||     1
       Sleeping          |       |     5 ||     5
Armor: Robe              |     9 |    40 ||    49
Dodge: Dodged            |    28 |   139 ||   167
